 Dungeon Crawl Stone Soup version 0.30-a0-1074-g5db6f66fbb (webtiles) character file.

Game seed: 6090358901510186383

723 jimonade the Shooter (level 8, 0/60 HPs)
             Began as a Formicid Hunter on Apr 14, 2023.
             Slain by an ogre
             ... wielding a +0 giant spiked club
              (26 damage)
             ... on level 5 of the Dungeon.
             The game lasted 00:08:26 (3219 turns).

jimonade the Shooter (Formicid Hunter)              Turns: 3219, Time: 00:08:27

Health: 0/60       AC:  7    Str: 17    XL:     8   Next: 2%
Magic:  8/8        EV: 11    Int: 10    God:
Gold:   263        SH:  0    Dex: 17    Spells: 7/7 levels left

rFire   . . .      SeeInvis +    a - +0 shortbow
rCold   . . .      Faith    .    (no shield)
rNeg    . . .      Spirit   .    m - +1 ring mail {Will+}
rPois   .          Reflect  .    (helmet unavailable)
rElec   +          Rampage  .    (no cloak)
rCorr   .                        (no gloves)
Will    +....                    v - +0 pair of boots
Stlth   ++                       d - amulet of Atruir {Acrobat rElec Str+2 Dex-2 SInv}
HPRegen 0.30/turn                (no ring)
MPRegen 0.11/turn                (no ring)

@: no status effects
A: permanent stasis, dig shafts and tunnels, antennae 3, four strong arms
a: Dig, Shaft Self


You were on level 5 of the Dungeon.
You visited 1 branch of the dungeon, and saw 5 of its levels.

You collected 263 gold pieces.

Inventory:

Hand Weapons
 a - a +0 shortbow (weapon)
 u - a +0 trident
 C - a +0 short sword
Missiles
 s - 3 poisoned darts
Armour
 c - a +0 leather armour
 k - a +1 chain mail of cold resistance
 m - a +1 ring mail of willpower (worn)
 v - a +0 pair of boots (worn)
 y - a +2 robe of positive energy
Jewellery
 d - the amulet of Atruir (around neck) {Acrobat rElec Str+2 Dex-2 SInv}
   (You acquired it on level 4 of the Dungeon)

   [amulet of the acrobat]

   It increases your evasion while moving and waiting.
   Str:       It affects your strength (+2).
   Dex:       It affects your dexterity (-2).
   rElec:     It insulates you from electricity.
   SInv:      It lets you see invisible.
Wands
 q - a wand of roots (6)
Scrolls
 b - a scroll of immolation
 e - a scroll of fear
 g - a scroll of poison {unknown}
 h - a scroll of magic mapping {unknown}
 i - 4 scrolls of fog
 l - 2 scrolls of amnesia
 o - a scroll of identify
 A - a scroll of enchant armour {unknown}
 B - a scroll of silence {unknown}
Potions
 j - a potion of berserk rage {unknown}
 n - 5 potions of heal wounds
 p - 2 potions of mutation
 t - a potion of attraction {unknown}
 w - a potion of invisibility {unknown}
 x - a potion of degeneration {unknown}
 z - 2 potions of curing {unknown}


   Skills:
 + Level 4.0 Fighting
 + Level 7.8 Ranged Weapons
 + Level 2.6 Armour
 + Level 2.1 Dodging
 + Level 2.6 Stealth


You had 7 spell levels left.
You didn't know any spells.
Your spell library contained the following spells:

 Spells                   Type           Power      Damage    Failure   Level
 Hailstorm                Conj/Ice       0%         3d3       90%         3
 Ice Form                 Ice/Tmut       0%         N/A       100%        4
 Arcjolt                  Conj/Air       0%         1d10      100%        5
 Plasma Beam              Fire/Air       0%         2x1d11    100%        6
 Simulacrum               Ice/Necr       0%         N/A       100%        6
 Vhi's Electric Charge    Tloc/Air       Unusable   N/A       N/A         3

Dungeon Overview and Level Annotations

Branches:
Dungeon (5/15)
 Temple: D:4-7

Altars:
Hepliaklqana

Annotations:
D:2 1 runed translucent door, Crazy Yiuf
D:3 Sigmund
D:5 Eustachio


Innate Abilities, Weirdness & Mutations

You cannot be hasted, slowed, berserked, paralysed or teleported.
You can dig through walls and to a lower floor.
You have a pair of large antennae on your head. (SInv)
Your four strong arms can wield two-handed weapons with a shield.


Message History

The iguana is almost dead.
You shoot an arrow. The arrow barely misses the iguana.
The iguana bites you.
You shoot an arrow. The arrow hits the iguana!
You kill the iguana!
You have reached level 8!
You feel clever.
HP restored.
You sense a monster nearby.
An ogre comes into view. It is wielding a +0 giant spiked club.
Found a scroll labelled LAYM TUISOCVE.
You shoot an arrow.
The arrow hits the ogre but does no damage.
The ogre shouts!
You shoot an arrow. The arrow barely misses the ogre.
You shoot an arrow. The arrow hits the ogre.
The ogre is lightly wounded.
You shoot an arrow. The arrow barely misses the ogre.
Eustachio the Magnificent comes into view.
He is wielding a +0 falchion.
You shoot an arrow.
Eustachio shouts!
The arrow hits the ogre!
The ogre is moderately wounded.
You hear a shout!
Eustachio gestures wildly while chanting.
The ogre hits you with a +0 giant spiked club!
You shoot an arrow. The arrow completely misses the ogre.
The arrow hits the bat!
You kill the bat!
The bat's corpse disappears in a puff of smoke!
You shoot an arrow. The arrow hits the ogre!
The ogre is severely wounded.
The ogre hits you with a +0 giant spiked club!!
You are too injured to fight recklessly!
Fire: a) +0 shortbow
Press: ? - help, Q - select action, (/) - cycle Shift-Dir - straight line, f/p - ogre
Aim: an ogre, wielding a +0 giant spiked club (severely wounded, 78% to hit)
You shoot an arrow. The arrow barely misses the ogre.
The quokka twitches its whiskers.
The ogre hits you with a +0 giant spiked club!!
You die...

.. { ..#.#....#..
......########.......#..
................#....###
................##...#
#..r...........#.#+##
#§.@..###........#
.#.....###†#...##.#
......O....#...##...
.......@.###...##.....
.........# #............
.........# #............
...!>..... .............
..................###...
..................
..##......##. ..
#?..#### ..


You could see Eustachio, an ogre and a quokka (summoned).

Vanquished Creatures
  2 ice beasts (D:4)
  An ogre (D:4)
  A phantom (D:5)
  A scorpion (D:5)
  A jelly (D:5)
  Jessica (D:3)
  2 iguanas (D:5)
  An orc wizard (D:4)
  4 adders
  7 gnolls
  A worm (D:2)
  2 dart slugs
  8 orcs
  4 ball pythons
  7 endoplasms
  2 giant cockroaches
  6 goblins
  7 hobgoblins
  9 jackals
  10 kobolds
  3 quokkas
  7 bats
  3 frilled lizards
  5 rats
95 creatures vanquished.

Notes
Turn   | Place    | Note
-------+----------+-------------------------------------------
     0 | D:1      | jimonade the Formicid Hunter began the quest for the Orb.
     0 | D:1      | Reached XP level 1. HP: 16/16 MP: 1/1
    53 | D:1      | Reached XP level 2. HP: 20/22 MP: 2/2
    70 | D:1      | Found a faded altar of an unknown god.
   250 | D:1      | Reached XP level 3. HP: 27/27 MP: 3/3
   415 | D:1      | Reached skill level 5 in Ranged Weapons
  1021 | D:2      | Reached XP level 4. HP: 33/33 MP: 4/4
  1240 | D:2      | Found a runed translucent door.
  1241 | D:2      | Noticed Crazy Yiuf
  1646 | D:3      | Noticed Sigmund
  1665 | D:2      | Reached XP level 5. HP: 31/39 MP: 5/5
  1776 | D:3      | Found a hazy altar of Hepliaklqana.
  1903 | D:3      | Noticed Jessica
  1912 | D:3      | Killed Jessica
  1913 | D:3      | Reached skill level 6 in Ranged Weapons
  1913 | D:3      | Reached skill level 1 in Armour
  2195 | D:4      | Reached XP level 6. HP: 39/46 MP: 6/6
  2208 | D:5      | Entered Level 5 of the Dungeon
  2337 | D:4      | Noticed an ice beast
  2345 | D:4      | Killed an ice beast
  2396 | D:4      | Noticed an ogre
  2407 | D:4      | Killed an ogre
  2408 | D:4      | Reached XP level 7. HP: 42/52 MP: 7/7
  2480 | D:4      | Reached skill level 7 in Ranged Weapons
  3036 | D:4      | Identified a scroll of acquirement
  3036 | D:4      | Acquired the amulet of Atruir {Acrobat rElec Str+2 Dex-2
                  | SInv}
  3192 | D:5      | Reached XP level 8. HP: 55/60 MP: 8/8
  3215 | D:5      | Noticed Eustachio
  3219 | D:5      | Slain by an ogre

Illustrated notes

Levels and vault maps discovered:
D:1:      eino_arrival_water_cross, layout_basic,
          hellmonk_ecumenical_altar_heavens_door
D:2:      layout_loops_ring, uniq_crazy_yiuf_cottage
D:3:      layout_rooms, general_overflow_altar, uniq_jessica, uniq_sigmund
D:4:      layout_cave_pools
D:5:      layout_basic, zin_statuary, yredelemnul_forgotten_temple_becter,
          uniq_eustachio

Skill      XL: |  1  2  3  4  5  6  7 |
---------------+----------------------+-----
Ranged Weapons | 5 6 7 |  7.8
Armour         | 1 2 |  2.6
Fighting       | 3 4 |  4.0
Stealth        | 2 |  2.6
Dodging        | 2 |  2.1

Action                     |  1- 3 |  4- 6 |  7- 9 || total
---------------------------+-------+-------+-------++-------
   Fire: Shortbow          |    80 |   160 |    70 ||   310
  Evoke: Wand              |       |       |     1 ||     1
    Use: Scroll            |       |       |     8 ||     8
 Armour: Leather armour    |     7 |       |       ||     7
         Ring mail         |       |    35 |    17 ||    52
  Dodge: Dodged            |    17 |    45 |    28 ||    90

Table legend: (Time is in decaauts)
 A = Elapsed time spent in this place.
 B = Non-inter-level travel time spent in this place.
 C = Inter-level travel time spent in this place.
 D = Time resting spent in this place.
 E = Time spent auto-exploring this place.
 F = Levels seen in this place.
 G = Mean time per level.
                   A        B        C        D        E       F      G
               +--------+--------+--------+--------+--------+-----+--------+
         Total |   3314 |   3114 |    200 |    143 |   1860 |   5 |  662.8 |
       Dungeon |   3314 |   3114 |    200 |    143 |   1860 |   5 |  662.8 |
               +--------+--------+--------+--------+--------+-----+--------+

Top non-repeatable levels by time:
     D:2: 971 daAuts
     D:4: 840 daAuts
     D:1: 745 daAuts
     D:3: 451 daAuts
     D:5: 306 daAuts
